 Dungeon Crawl Stone Soup version 0.30-a0-715-gdb4ae3ece1 (webtiles) character file.

Game seed: 12984671426193233168

1111 hikkokomori the Trooper (level 8, -2/62 HPs)
             Began as a Mummy Fighter on Jan 24, 2023.
             Was a Believer of Okawaru.
             Killed from afar by a steam dragon (21 damage)
             ... with a ball of steam
             ... on level 6 of the Dungeon.
             The game lasted 00:07:50 (4762 turns).

hikkokomori the Trooper (Mummy Fighter)             Turns: 4762, Time: 00:07:50

Health: -2/62      AC: 16    Str: 21    XL:     8   Next: 11%
Magic:  8/8        EV:  5    Int:  7    God:    Okawaru [**....]
Gold:   229        SH:  5    Dex: 12    Spells: 7/7 levels left

rFire   x . .      SeeInvis .    a - +0 war axe (freeze)
rCold   + . .      Faith    +    c - +0 buckler
rNeg    + + +      Spirit   .    h - +0 plate armour
rPois   ∞          Reflect  .    (no helmet)
rElec   .          Harm     .    e - +0 cloak
rCorr   .          Rampage  .    (no gloves)
Will    +....                    (no boots) Stlth
                                 (no amulet)
HPRegen 0.30/turn                q - ring of flight
MPRegen 0.11/turn                o - +4 ring of protection

@: flying
A: cold resistance 1, negative energy resistance 3, torment resistance 2, heat
vulnerability 1, in touch with death 1, no potions, faith
a: Renounce Religion, Heroism


You were on level 6 of the Dungeon.
You worshipped Okawaru.
Okawaru was pleased with you.
You visited 2 branches of the dungeon, and saw 7 of its levels.

You collected 229 gold pieces.

Inventory:

Hand Weapons
 a - a +0 war axe of freezing (weapon)
 w - a +0 arbalest
 x - a +0 hand axe of draining
Missiles
 m - 9 javelins (quivered)
Armour
 b - a +0 scale mail
 c - a +0 buckler (worn)
 e - a +0 cloak (worn)
 h - a +0 plate armour (worn)
Jewellery
 d - a +6 ring of intelligence
 o - a +4 ring of protection (right hand)
 q - a ring of flight (left hand)
 t - a ring of willpower
 z - a ring of magical power
Wands
 s - a wand of mindburst (6)
 u - a wand of charming (5)
Scrolls
 f - 2 scrolls of blinking {unknown}
 g - a scroll of poison {unknown}
 i - a scroll of vulnerability
 j - a scroll of enchant armour
 k - 2 scrolls of immolation
 l - a scroll of magic mapping
 n - 2 scrolls of identify
 p - a scroll of silence {unknown}
 r - 4 scrolls of teleportation
 v - 2 scrolls of fog
 y - a scroll of acquirement {unknown}


   Skills:
 + Level 5.2 Fighting
 * Level 5.1 Axes
 + Level 2.0 Throwing
 - Level 3.6 Armour
 + Level 4.3 Shields


You had 7 spell levels left.
You didn't know any spells.
Your spell library contained the following spells:

 Spells                   Type           Power      Damage    Failure   Level
 Shock                    Conj/Air       0%         1d3       100%        1
 Ensorcelled Hibernation  Hex/Ice        0%         N/A       100%        2
 Lesser Beckoning         Tloc           0%         N/A       100%        2
 Gell's Gravitas          Tloc           0%         N/A       100%        3
 Teleport Other           Tloc           0%         N/A       100%        3
 Anguish                  Hex/Necr       0%         N/A       100%        4
 Cause Fear               Hex            0%         N/A       100%        4
 Chain Lightning          Conj/Air       0%         N/A       100%        9
 Spider Form              Tmut/Pois      Unusable   N/A       N/A         3
 Dragon Form              Tmut           Unusable   N/A       N/A         7
 Dragon's Call            Summ           Unusable   N/A       N/A         9

Dungeon Overview and Level Annotations

Branches:
Dungeon (6/15)             Temple (1/1) D:5

Altars:
Ashenzari
Cheibriados
Fedhas
Gozag
Makhleb
Okawaru
Sif Muna
Trog
Yredelemnul

Shops:
D:4 [

Annotations:
D:4 3 runed translucent doors, wormed's ghost, novice DsFE


Innate Abilities, Weirdness & Mutations

You are immune to poison.
Your flesh is cold resistant. (rC+)
You are immune to negative energy. (rN+++)
You are immune to unholy pain and torment.
You are vulnerable to heat. (rF-)
You are in touch with the powers of death.
You do not drink.
You have a special connection with the divine. (Faith)


Message History

A steam dragon comes into view.
The white imp hits you but does no damage.
You barely miss the white imp.
The steam dragon hisses angrily.
The white imp gestures at you.
The puff of frost hits you but does no damage.
The steam dragon breathes steam at you. The ball of steam hits you.
The steam scalds you terribly!
You hit the white imp but do no damage.
You are engulfed in a cloud of scalding steam.
The white imp hits you but does no damage.
The white imp gestures at you. The puff of frost hits you. You resist.
You closely miss the white imp.
You are engulfed in a cloud of scalding steam.
The white imp hits you. The white imp freezes you. You resist.
You slash the white imp!
The white imp is severely wounded.
The white imp hits you but does no damage.
You hit the white imp but do no damage.
The white imp is severely wounded.
The white imp hits you but does no damage.
The steam dragon breathes steam at you. The ball of steam hits you!!
The steam scalds you terribly! You block the white imp's attack.
You slash the white imp!
You kill the white imp!
Okawaru accepts your kill.
You barely miss the steam dragon.
You are engulfed in a cloud of scalding steam.
The steam dragon bites you but does no damage.
The steam dragon claws you but does no damage.
You closely miss the steam dragon.
You are engulfed in a cloud of scalding steam.
You block the steam dragon's attack. The steam dragon barely misses you.
You are too injured to fight recklessly!
You are too injured to fight recklessly!
The steam dragon breathes steam at you. The ball of steam hits you!!
The steam scalds you terribly!
You die...

.# .. .#....
###.#.... ...
#........
...#+##+##.....[..
#................
#................
#.......@D.....!.
#................
#........##.##....#
#........# ..#....#
#........# ..#....#
#........# .##....
#....##.###.#....#
#....#......#....#
#....#......#....#


You could see a steam dragon (catching breath).

Vanquished Creatures
  An orc warrior (D:6)
  A black bear (D:5)
  2 phantoms
  A necrophage (D:4)
  A scorpion (D:4)
  A gnoll sergeant (D:6)
  A jelly (D:6)
  5 hounds
  3 iron imps (D:3)
  2 orc priests
  An iguana (D:5)
  Ijyb (D:4)
  2 orc wizards (D:5)
  3 gnolls (D:6)
  4 adders
  A white imp (D:6)
  An ufetubus (D:5)
  A worm (D:3)
  A dart slug (D:2)
  9 orcs
  A ball python (D:4)
  6 bats
  4 endoplasms
  A giant cockroach (D:4)
  15 goblins
  2 hobgoblins (D:2)
  12 jackals
  7 kobolds
  5 quokkas
  A frilled lizard (D:2)
  A rat (D:2)
97 creatures vanquished.

Notes
Turn   | Place    | Note
-------+----------+-------------------------------------------
     0 | D:1      | hikkokomori the Mummy Fighter began the quest for the Orb.
     0 | D:1      | Reached XP level 1. HP: 18/18 MP: 1/1
   170 | D:1      | Reached XP level 2. HP: 23/24 MP: 2/2
  1046 | D:2      | Gained mutation: You are in touch with the powers of death.
                  | [Mummy growth]
  1046 | D:2      | Reached XP level 3. HP: 28/29 MP: 3/3
  1403 | D:2      | Found a faded altar of an unknown god.
  1727 | D:3      | Found a snail-covered altar of Cheibriados.
  1986 | D:3      | Reached XP level 4. HP: 35/35 MP: 4/4
  2001 | D:3      | Found a broken altar of Ashenzari.
  2392 | D:3      | Found a burning altar of Makhleb.
  2424 | D:3      | Reached XP level 5. HP: 33/42 MP: 5/5
  2489 | D:4      | Noticed a phantom
  2502 | D:4      | Killed a phantom
  2541 | D:4      | Reached XP level 6. HP: 46/48 MP: 6/6
  2714 | D:4      | Noticed Ijyb
  2725 | D:4      | Killed Ijyb
  2976 | D:4      | Found an opulent altar of Gozag.
  2976 | D:4      | Found an iron altar of Okawaru.
  2979 | D:4      | Found a basalt altar of Yredelemnul.
  2983 | D:4      | Became a worshipper of Warmaster Okawaru
  3031 | D:4      | Found a runed translucent gate.
  3031 | D:4      | Found a runed translucent gate.
  3031 | D:4      | Found a runed translucent gate.
  3032 | D:4      | Noticed wormed's ghost (novice DsFE)
  3047 | D:4      | Found a bloodstained altar of Trog.
  3119 | D:4      | Found Qeod's Antique Armour Shoppe.
  3415 | D:5      | Entered Level 5 of the Dungeon
  3428 | D:5      | Reached XP level 7. HP: 30/55 MP: 7/7
  3542 | D:5      | Found a staircase to the Ecumenical Temple.
  3556 | Temple   | Entered the Ecumenical Temple
  3736 | D:5      | Got the Atlas of Gusts
  3980 | D:5      | Reached skill level 1 in Throwing
  4139 | D:5      | Reached * piety under Okawaru
  4404 | D:6      | Reached skill level 5 in Fighting
  4410 | D:6      | Reached ** piety under Okawaru
  4417 | D:6      | Reached skill level 5 in Axes
  4417 | D:6      | Reached XP level 8. HP: 13/62 MP: 8/8
  4425 | D:6      | HP: 2/62 [gnoll/+0 club[a gnoll sergeant] (5)]
  4762 | D:6      | Killed from afar by a steam dragon

Illustrated notes

Levels and vault maps discovered:
D:1:      minmay_arrival_split_and_join, layout_rooms, serial_forest,
          infiniplex_forest_clump_medium, infiniplex_forest_corner_1,
          infiniplex_forest_lined_2, infiniplex_forest_clump_cross,
          infiniplex_forest_straight_4, infiniplex_forest_clump_long,
          infiniplex_forest_3_way, minivault_27
D:2:      layout_basic, ebering_ecumenical_altar_abandoned
D:3:      layout_basic, nicolae_ashenzari_panopticon, demons_altar,
          cheibrodos_worm_habitat, grunt_ministairs_4
D:4:      kennysheep_goblin_castle, layout_cave_pools, minitemple,
          mainiacjoe_overflow_alcove_2, gammafunk_ghost_necromancy,
          serial_shops, nicolae_inconvenience_store
D:5:      layout_loops_corners, minmay_temple_entry_offerings
D:6:      layout_gridville, nzn_wu_jian_council_hall
Temple:   hellmonk_temple_of_storms

Skill      XL: |  1  2  3  4  5  6  7  8 |
---------------+-------------------------+-----
Axes           | 2 3 4 5 |  5.1
Armour         | 3 |  3.6
Shields        | 3 4 |  4.3
Fighting       | 4 5 |  5.2
Throwing       | 1 2 |  2.0

Action                     |  1- 3 |  4- 6 |  7- 9 || total
---------------------------+-------+-------+-------++-------
  Melee: War axe           |   117 |   128 |    72 ||   317
  Throw: Javelin           |       |    12 |       ||    12
  Evoke: Wand              |       |       |     6 ||     6
    Use: Scroll            |       |     2 |     6 ||     8
 Armour: Scale mail        |    15 |       |       ||    15
         Plate armour      |    65 |   103 |    69 ||   237
  Dodge: Dodged            |    43 |    50 |    19 ||   112
  Block: Buckler           |    26 |    26 |    21 ||    73

Table legend: (Time is in decaauts)
 A = Elapsed time spent in this place.
 B = Non-inter-level travel time spent in this place.
 C = Inter-level travel time spent in this place.
 D = Time resting spent in this place.
 E = Time spent auto-exploring this place.
 F = Levels seen in this place.
 G = Mean time per level.
                   A        B        C        D        E       F      G
               +--------+--------+--------+--------+--------+-----+--------+
         Total |   4900 |   4700 |    200 |    179 |   3630 |   7 |  700.0 |
       Dungeon |   4895 |   4695 |    200 |    179 |   3630 |   6 |  815.8 |
        Temple |      4 |      4 |      0 |      0 |      0 |   1 |    4.0 |
               +--------+--------+--------+--------+--------+-----+--------+

Top non-repeatable levels by time:
     D:5: 965 daAuts
     D:4: 957 daAuts
     D:3: 921 daAuts
     D:2: 828 daAuts
     D:1: 818 daAuts
     D:6: 403 daAuts
  Temple: 4 daAuts
